 Dungeon Crawl Stone Soup version 0.29-a0-418-gc0181ea820 (webtiles) character file.

Game seed: 17051009557420298592

53 HendSelp the Poker (level 4, 0/35 HPs)
             Began as a Human Monk on May 17, 2022.
             Slain by a goblin
             ... wielding a +0 club
              (2 damage)
             ... on level 1 of the Dungeon.
             The game lasted 00:01:30 (1435 turns).

HendSelp the Poker (Human Monk)                     Turns: 1435, Time: 00:01:30

Health: 0/35       AC:  4    Str: 13    XL:     4   Next: 10%
Magic:  4/4        EV: 13    Int: 10    God:
Gold:   54         SH:  0    Dex: 16    Spells: 3/3 levels left

rFire   . . .      SeeInvis .   a - +0 spear
rCold   . . .      Faith    .   (no shield)
rNeg    . . .      Spirit   .   g - +0 leather armour
rPois   .          Reflect  .   (no helmet)
rElec   .          Harm     .   (no cloak)
rCorr   .          Rampage  .   (no gloves)
Will    .....                   f - +0 pair of boots
Stlth   ++........              (no amulet)
HPRegen 0.11/turn               (no ring)
MPRegen 0.09/turn               (no ring)

@: no status effects
A: no striking features
a: no special abilities


You were on level 1 of the Dungeon.
You visited 1 branch of the dungeon, and saw 2 of its levels.

You collected 54 gold pieces.

Inventory:

Hand Weapons
 a - a +0 spear (weapon)
Armour
 f - a +0 pair of boots (worn)
 g - a +0 leather armour (worn)
Jewellery
 d - an amulet of faith


   Skills:
 * Level 3.4 Fighting
 * Level 3.7 Polearms
 * Level 0.9 Armour
 * Level 3.4 Dodging
 - Level 2.0 Stealth


You had 3 spell levels left.
You didn't know any spells.
Your spell library was empty.

Dungeon Overview and Level Annotations

Branches:
Dungeon (2/15)

Altars:

Annotations:
D:1 1 runed translucent door


Message History

The gnoll misses you. The goblin hits you but does no damage.
Unknown command.
The kobold attacks as you move away!
The kobold hits you with a +0 short sword.
* * * LOW HITPOINT WARNING * * *
There is a stone staircase leading up here.
You see here a scroll of noise.
The gnoll hits you with a +0 club.
* * * LOW HITPOINT WARNING * * *
The goblin hits you with a +0 club.
* * * LOW HITPOINT WARNING * * *
The kobold misses you.
You climb upwards.
Level annotation: 1 runed translucent door
There is a stone staircase leading down here.
You barely miss the gnoll. The gnoll closely misses you.
The goblin closely misses you.
Unknown command.
You hit the gnoll but do no damage. The gnoll hits you with a +0 club.
* * * LOW HITPOINT WARNING * * *
The goblin hits you but does no damage.
Unknown command.
Unknown command.
Unknown command.
Unknown command.
You barely miss the gnoll. The gnoll closely misses you.
The goblin hits you but does no damage.
Unknown command.
Unknown command.
You hit the gnoll but do no damage. The goblin closely misses you.
The gnoll hits you but does no damage.
Unknown command.
You hit the gnoll but do no damage. The gnoll closely misses you.
The goblin hits you but does no damage.
You barely miss the gnoll. The gnoll hits you with a +0 club.
* * * LOW HITPOINT WARNING * * *
The goblin misses you.
You hit the gnoll but do no damage. The gnoll closely misses you.
The goblin hits you with a +0 club.
You die...

#..♣♣...♣.♣♣..#......######...
##.♣♣♣♣♣♣.....#.#....# ####
♣♣....♣.♣♣.#.#.#....#
#.♣.♣...)###.#.#....#
#.......## #.#...#'######
####.#..####.###....[...#
#........K...........#
#########g####.......####
#@g.........('..##
####.........##..#
######.......###.#
#..........### #.# #########
#.########## #.#
#.......#####.#### #.#
####+#####.##.......# #.#
...........##.##.##.# ##..
..............##.##†# #...


You could see a gnoll, a goblin and a kobold.

Vanquished Creatures
  2 gnolls (D:2)
  2 dart slugs (D:1)
  4 bats (D:1)
  2 endoplasms (D:1)
  A giant cockroach (D:1)
  4 hobgoblins (D:1)
  4 jackals (D:1)
  3 ball pythons (D:1)
  4 kobolds (D:1)
  A rat (D:1)
27 creatures vanquished.

Notes
Turn   | Place    | Note
-------+----------+-------------------------------------------
     0 | D:1      | HendSelp the Human Monk began the quest for the Orb.
     0 | D:1      | Reached XP level 1. HP: 18/18 MP: 1/1
     1 | D:1      | Found a runed translucent door.
     2 | D:1      | Noticed a jelly
   311 | D:1      | Reached XP level 2. HP: 24/24 MP: 2/2
   654 | D:1      | Reached XP level 3. HP: 29/29 MP: 3/3
  1249 | D:1      | Found a faded altar of an unknown god.
  1417 | D:2      | Reached XP level 4. HP: 14/35 MP: 4/4
  1435 | D:1      | Slain by a goblin

Illustrated notes

Levels and vault maps discovered:
D:1:      dpeg_arrival_caged_fury, layout_basic, chequers_ecumenical_altar_grove
D:2:      layout_rooms, minmay_between

Action                   |  1- 3 |  4- 6 || total
-------------------------+-------+-------++-------
Melee: Spear             |   135 |     7 ||   142
  Use: Scroll            |     1 |       ||     1
       Potion            |     1 |       ||     1
 Stab: Sleeping          |     6 |       ||     6
Armor: Robe              |    17 |       ||    17
       Leather armour    |     1 |     6 ||     7
Dodge: Dodged            |   104 |    15 ||   119

Table legend: (Time is in decaauts)
 A = Elapsed time spent in this place.
 B = Non-inter-level travel time spent in this place.
 C = Inter-level travel time spent in this place.
 D = Time resting spent in this place.
 E = Time spent auto-exploring this place.
 F = Levels seen in this place.
 G = Mean time per level.
                   A        B        C        D        E       F      G
               +--------+--------+--------+--------+--------+-----+--------+
         Total |   1425 |   1351 |     74 |      0 |   1095 |   2 |  712.5 |
       Dungeon |   1425 |   1351 |     74 |      0 |   1095 |   2 |  712.5 |
               +--------+--------+--------+--------+--------+-----+--------+

Top non-repeatable levels by time:
     D:1: 1381 daAuts
     D:2: 44 daAuts
